[Event "Titled Tuesday Blitz November 22 Late 2022"]
[White "Feng, Eric"]
[Black "Svicevic, Rastko"]
[WhiteFideId "30952590"]
[BlackFideId "916315"]
[WhiteElo "1785"]
[BlackElo "2077"]
[Result "1-0"]
[Round "03"]
[TimeControl "180+1"]
[Date "2022.11.23"]
[WhiteClock "0:01:52"]
[BlackClock "0:00:24"]

1. d4 d5 2. c4 c6 3. cxd5 cxd5 4. Bf4 Nc6 5. Nc3 Nf6 6. e3 g6 7. Bd3 Nh5 8. Bg3 Bg7 9. Nge2 O-O 10. O-O e6 11. Qb3 b6 12. Rac1 Nxg3 13. hxg3 Bd7 14. Ba6 Na5 15. Qc2 Qe7 16. a3 Rab8 17. b4 Nc4 18. Bxc4 dxc4 19. b5 Qxa3 20. Ra1 Qd6 21. Rxa7 Rfc8 22. Rfa1 Be8 23. R1a4 h5 24. Qa2 Kh7 25. Rxc4 Rxc4 26. Qxc4 Bd7 27. Qc7 Qxc7 28. Rxc7 Be8 29. Kh2 Bf8 30. Ne4 Kg7 31. Nf4 Kg8 32. Nf6+ Kg7 33. Nxe8+ Rxe8 34. Rb7 g5 35. Nxh5+ Kg6 36. g4 Bd6+ 37. Ng3 Rb8 38. Rxb8 Bxb8 39. Kg1 f5 40. gxf5+ exf5 41. Ne2 Kf6 42. Nc3 Ke6 43. Kf1 Bd6 44. Ke2 Bb4 45. Na4 Ba5 46. Kd3 Kd5 47. f3 g4 48. e4+ fxe4+ 49. fxe4+ Kd6 50. Nb2 1-0


[Site "https://www.chess.com"]

[Event "Titled Tuesday Blitz November 22 Late 2022"]
[White "Fernandez De La Vara, Arnaldo"]
[Black "Lopez Mulet, Inigo"]
[WhiteFideId "3518388"]
[BlackFideId "22235620"]
[WhiteElo "2669"]
[BlackElo "2450"]
[Result "1-0"]
[Round "03"]
[TimeControl "180+1"]
[Date "2022.11.23"]
[WhiteClock "0:00:47"]
[BlackClock "0:00:36"]

1. Nf3 d5 2. g3 Nc6 3. c4 d4 4. Bg2 e5 5. d3 h6 6. O-O Nf6 7. b4 Bxb4 8. Nxe5 Nxe5 9. Qa4+ Nc6 10. Bxc6+ bxc6 11. Qxb4 Bh3 12. Re1 Qd6 13. Ba3 Kd7 14. Nd2 a5 15. Qb2 Rhb8 16. Qxb8 Rxb8 17. Bxd6 cxd6 18. Reb1 Re8 19. Re1 d5 20. c5 Bg4 21. f3 Bf5 22. Nb3 a4 23. Nxd4 Bg6 24. Rab1 Rc8 25. Rb7+ Rc7 26. Reb1 Ng8 27. Rxc7+ Kxc7 28. Rb4 Ne7 29. Rxa4 f5 30. Ra7+ 1-0


[Site "https://www.chess.com"]

[Event "Titled Tuesday Blitz November 22 Late 2022"]
[White "Fernandez Garcia, Gumersindo"]
[Black "Goltsev, Dmitry"]
[WhiteFideId "24516740"]
[BlackFideId "24176710"]
[WhiteElo "2483"]
[BlackElo "2753"]
[Result "0-1"]
[Round "03"]
[TimeControl "180+1"]
[Date "2022.11.23"]
[WhiteClock "0:00:04"]
[BlackClock "0:00:40"]

1. e4 e6 2. d4 d5 3. Bd3 c5 4. exd5 Qxd5 5. Nf3 cxd4 6. O-O Nc6 7. Nbd2 Nf6 8. Nb3 e5 9. Re1 Be7 10. Bg5 O-O 11. c3 Bg4 12. cxd4 exd4 13. Bxf6 Bxf6 14. Be4 Qh5 15. h3 Be6 16. Nfxd4 Qxd1 17. Rexd1 Bxb3 18. Nxb3 Bxb2 19. Rab1 Ba3 20. Rd7 Rfe8 21. Bd5 Re7 22. Rxe7 Bxe7 23. Rc1 Nb4 24. Bxb7 Rb8 25. Bf3 Nxa2 26. Rc7 Kf8 27. Rb7 Rxb7 28. Bxb7 Nc3 29. Kf1 Bb4 30. Ba6 Ke7 31. Nd4 Kd7 32. Nb5 Ne4 33. Nxa7 Bc5 34. Bb5+ Kc7 35. Nc6 Kb6 36. Ba4 Nc3 37. Bb3 Kxc6 38. Bxf7 Ne4 39. f3 Ng3+ 40. Ke1 Be3 41. Be6 Kd6 42. Bc4 Ke5 43. Bd3 h5 44. Kd1 h4 45. Ke1 Kf4 46. Bc2 Bd4 47. Bd3 Nf5 48. Kf1 Ne3+ 49. Kg1 Kg3 50. Kh1 Nxg2 51. Bf5 Nf4 52. Bg4 Nd3 53. f4 Nf2+ 54. Kg1 Nxg4+ 55. Kh1 Nf2+ 56. Kg1 Kxh3 57. f5 Kg4 58. f6 gxf6 59. Kh2 h3 60. Kg1 Kg3 61. Kf1 h2 0-1


[Site "https://www.chess.com"]

[Event "Titled Tuesday Blitz November 22 Late 2022"]
[White "Fernandez Guillen, Ernesto J."]
[Black "Jobava, Baadur"]
[WhiteFideId "3512428"]
[BlackFideId "13601520"]
[WhiteElo "2450"]
[BlackElo "2582"]
[Result "0-1"]
[Round "03"]
[TimeControl "180+1"]
[Date "2022.11.22"]
[WhiteClock "0:00:11"]
[BlackClock "0:00:46"]

1. e4 e5 2. Nf3 Nf6 3. Nxe5 d6 4. Nf3 Nxe4 5. d4 d5 6. Bd3 Bd6 7. O-O O-O 8. c4 c6 9. Nc3 Nxc3 10. bxc3 h6 11. h3 Nd7 12. Rb1 Re8 13. c5 Bc7 14. Qa4 Nf6 15. Be3 Ne4 16. Qc2 Qf6 17. Nd2 Qg6 18. Kh1 Bf5 19. Bxe4 Rxe4 20. Qd1 Rh4 21. Nf3 Rh5 22. Ng1 Be4 23. Nf3 Qg4 24. Kg1 Rxh3 25. Re1 Bxf3 0-1


[Site "https://www.chess.com"]

[Event "Titled Tuesday Blitz November 22 Late 2022"]
[White "Fier, Alexandr"]
[Black "Vlassov, Nikolai"]
[WhiteFideId "2107139"]
[BlackFideId "4103360"]
[WhiteElo "2794"]
[BlackElo "2498"]
[Result "1-0"]
[Round "03"]
[TimeControl "180+1"]
[Date "2022.11.23"]
[WhiteClock "0:02:06"]
[BlackClock "0:00:04"]

1. d4 Nf6 2. Bg5 e6 3. e4 h6 4. Bxf6 Qxf6 5. c3 d5 6. Nd2 c5 7. Ngf3 Nc6 8. Bb5 cxd4 9. Nxd4 Bd7 10. exd5 Nxd4 11. Bxd7+ Kxd7 12. cxd4 exd5 13. O-O Bd6 14. Qa4+ Ke7 15. Rfe1+ Kf8 16. Qd7 Rb8 17. Nf3 g6 18. Ne5 Kg7 19. Nxf7 Qxf7 20. Qxd6 Rhe8 21. Re5 Rbd8 22. Qc5 b6 23. Qc2 Rxe5 24. dxe5 d4 25. Rd1 Qd5 26. f4 d3 27. Qf2 Qxa2 28. h4 Qd5 29. h5 Qd4 30. hxg6 Kxg6 31. g4 a5 32. Kg2 Qxf2+ 33. Kxf2 b5 34. e6 a4 35. Ke3 Kf6 36. f5 h5 37. gxh5 Kxf5 38. Rxd3 Re8 39. Rd5+ Kxe6 40. Rxb5 Kf6+ 41. Kd3 Ra8 42. Rb6+ Kg7 43. Rg6+ Kh7 44. Rg1 a3 45. b3 a2 46. Ra1 Kh6 47. Kc3 Kxh5 48. Kb2 Kg6 49. Rxa2 Rb8 50. Ra1 Kf5 51. Re1 Kf6 52. Re3 Kf5 53. Kc3 Rc8+ 54. Kb4 Rb8+ 55. Kc4 Rc8+ 56. Kd5 Kf4 57. Rh3 Rb8 58. Kc6 Ke5 59. Kc7 Rb4 60. Kc6 Rb8 61. Kc7 Rb4 62. Rd3 Ke6 63. Kc6 Rb8 64. Kc5 Ke7 65. b4 Rc8+ 66. Kb5 Rb8+ 67. Kc4 Rc8+ 68. Kb3 Rb8 69. Rd4 Ke6 70. Kc4 Ke5 71. Rd5+ Ke6 72. b5 Rc8+ 73. Rc5 Kd7 74. b6 Rb8 75. Kb5 Kd6 76. Rc1 Kd7 77. Ka6 Ra8+ 78. Kb7 Ra2 79. Kb8 Ke7 80. b7 Kd7 81. Rd1+ Ke7 82. Rd4 Rc2 83. Ra4 1-0


[Site "https://www.chess.com"]

[Event "Titled Tuesday Blitz November 22 Late 2022"]
[White "Fiol, Fabrice"]
[Black "Mesa Cruz, Juan Carlos"]
[WhiteFideId "611670"]
[BlackFideId "6423400"]
[WhiteElo "2440"]
[BlackElo "2059"]
[Result "1-0"]
[Round "03"]
[TimeControl "180+1"]
[Date "2022.11.23"]
[WhiteClock "0:00:03"]
[BlackClock "0:00:02"]

1. e4 c5 2. Nf3 d6 3. Bb5+ Bd7 4. Bxd7+ Qxd7 5. O-O Nf6 6. Re1 Nc6 7. c3 e6 8. d4 cxd4 9. cxd4 d5 10. e5 Ne4 11. Nbd2 Nxd2 12. Bxd2 Be7 13. a3 O-O 14. Rc1 Rfc8 15. h4 Qd8 16. h5 h6 17. Rc3 Kh8 18. Rd3 Qg8 19. Nh2 Bd8 20. Qg4 Bb6 21. Bc3 Ne7 22. Qh3 Qh7 23. g4 Rc4 24. Ree3 a5 25. Nf3 a4 26. Nd2 Rc7 27. Rf3 Nc6 28. Nf1 Ba5 29. Rg3 Bxc3 30. bxc3 Ne7 31. f4 Qe4 32. Rgf3 Ra6 33. f5 exf5 34. gxf5 Rb6 35. f6 gxf6 36. exf6 Ng8 37. Rde3 Qh7 38. Qh4 Rcc6 39. Re8 Rxf6 40. Rxf6 Qg7+ 41. Ng3 Rxf6 42. Kh2 Kh7 43. Qh3 Rf2+ 44. Kg1 Rf4 45. Re5 Nf6 46. Rf5 Rg4 47. Kh2 Ne4 48. Nxe4 Rxe4 49. Rf2 f6 50. Qf5+ Kh8 51. Rg2 Qc7+ 52. Kh3 Qe7 53. Qc8+ Kh7 54. Qg8# 1-0


[Site "https://www.chess.com"]

[Event "Titled Tuesday Blitz November 22 Late 2022"]
[White "Forgacs, Attila Jr."]
[Black "Floresvillar Gonzalez, Luis Migu"]
[WhiteFideId "773654"]
[BlackFideId "5100542"]
[WhiteElo "2168"]
[BlackElo "2040"]
[Result "0-1"]
[Round "03"]
[TimeControl "180+1"]
[Date "2022.11.23"]
[WhiteClock "0:00:10"]
[BlackClock "0:00:16"]

1. e4 c6 2. d4 d5 3. Nc3 dxe4 4. Nxe4 Bf5 5. Ng3 Bg6 6. h4 h6 7. Nf3 Nd7 8. h5 Bh7 9. Bd3 Bxd3 10. Qxd3 e6 11. Bd2 Qb6 12. O-O-O Ngf6 13. Ne4 Nxe4 14. Qxe4 O-O-O 15. c4 Bb4 16. Bf4 Nf6 17. Qe2 Qa5 18. a3 Bd6 19. Bxd6 Rxd6 20. Ne5 Rf8 21. f3 c5 22. dxc5 Qxc5 23. Rxd6 Qxd6 24. Rd1 Qc7 25. g4 Rd8 26. Rxd8+ Kxd8 27. Qd3+ Ke7 28. Qd4 b5 29. c5 Nd5 30. b4 a5 31. Kb2 axb4 32. axb4 Nxb4 33. Ng6+ fxg6 34. Qxg7+ Kd8 35. Qf8+ Kd7 36. Qf7+ Kc8 37. Qxc7+ Kxc7 38. g5 Nd3+ 39. Kc3 Ne5 40. f4 hxg5 41. h6 gxf4 42. Kd4 Nf7 43. Ke4 e5 44. h7 b4 45. Kd5 b3 46. Ke6 Nh8 47. Kf6 b2 48. Kg7 b1=Q 49. Kxh8 Qb8+ 50. Kg7 f3 51. c6 Kxc6 52. h8=Q Qxh8+ 53. Kf7 f2 54. Ke6 f1=Q 55. Ke7 Qb5 56. Ke6 Qd5+ 57. Ke7 Qg7+ 58. Ke8 Qdd7# 0-1


[Site "https://www.chess.com"]

[Event "Titled Tuesday Blitz November 22 Late 2022"]
[White "Freile Martin, Javier"]
[Black "Graif, William"]
[WhiteFideId "3600165"]
[BlackFideId "2609835"]
[WhiteElo "2306"]
[BlackElo "2205"]
[Result "0-1"]
[Round "03"]
[TimeControl "180+1"]
[Date "2022.11.23"]
[WhiteClock "0:01:16"]
[BlackClock "0:00:05"]

1. c4 b6 2. Nc3 Bb7 3. d4 e6 4. a3 f5 5. e3 Nf6 6. f3 Be7 7. Nh3 O-O 8. Qc2 c5 9. Bd3 Nc6 10. Ne2 Rc8 11. O-O g6 12. Bd2 d5 13. Nhf4 Qd7 14. cxd5 exd5 15. Bb5 a6 16. Ba4 b5 17. Bb3 cxd4 18. exd4 Nxd4 19. Nxd4 Rxc2 20. Nxc2 Kg7 21. Rfe1 Bc5+ 22. Kh1 Re8 23. Rxe8 Qxe8 24. Re1 Qc8 25. Bc3 d4 26. Nxd4 Bxd4 27. Bxd4 g5 28. Nh5+ Kg6 29. Nxf6 g4 30. fxg4 fxg4 31. Kg1 Qc6 32. Re2 Qc1+ 33. Kf2 Qf4+ 34. Ke1 Qxd4 35. Re6 Qg1+ 36. Kd2 Qxg2+ 37. Kc3 Qf3+ 38. Kb4 Qf4+ 39. Ka5 Qc7+ 40. Rb6 Kg5 41. Ne8 Qe7 42. Re6 Qd8+ 43. Kb4 h5 44. Re5+ Kh4 45. Bf7 Qd4+ 46. Ka5 Qxe5 0-1


[Site "https://www.chess.com"]

[Event "Titled Tuesday Blitz November 22 Late 2022"]
[White "Gadimbayli, Abdulla"]
[Black "Tari, Aryan"]
[WhiteFideId "13404938"]
[BlackFideId "1510045"]
[WhiteElo "2399"]
[BlackElo "2612"]
[Result "1-0"]
[Round "03"]
[TimeControl "180+1"]
[Date "2022.11.22"]
[WhiteClock "0:00:06"]
[BlackClock "0:00:03"]

1. e4 c6 2. Nf3 d5 3. exd5 cxd5 4. d4 Nf6 5. Ne5 g6 6. c3 Bg7 7. Bd3 O-O 8. O-O Nc6 9. Nxc6 bxc6 10. Nd2 Nd7 11. Re1 e5 12. dxe5 Nxe5 13. Be2 a5 14. Nf3 Nxf3+ 15. Bxf3 a4 16. a3 Qb6 17. h4 Bf5 18. Re2 Rfe8 19. Be3 Qb5 20. Qd2 Be4 21. Bxe4 Rxe4 22. h5 Rae8 23. Ree1 gxh5 24. f3 R4e6 25. Bf2 h6 26. Rxe6 Rxe6 27. Re1 Rxe1+ 28. Bxe1 Qc4 29. Bf2 c5 30. Qe3 d4 31. Qe8+ Bf8 32. Qe4 Bd6 33. g3 Qe6 34. Qa8+ Kh7 35. cxd4 cxd4 36. Qxa4 d3 37. Qd4 Qe2 38. Qf6 Kg8 39. Bd4 Qe3+ 40. Bxe3 1-0


[Site "https://www.chess.com"]

[Event "Titled Tuesday Blitz November 22 Late 2022"]
[White "Gascon Del Nogal, Jose Rafael"]
[Black "Walentukiewicz, Michal"]
[WhiteFideId "3902463"]
[BlackFideId "1126903"]
[WhiteElo "2679"]
[BlackElo "2456"]
[Result "0-1"]
[Round "03"]
[TimeControl "180+1"]
[Date "2022.11.23"]
[WhiteClock "0:00:18"]
[BlackClock "0:01:46"]

1. Nf3 g6 2. d4 Bg7 3. e4 c5 4. c4 cxd4 5. Nxd4 Nc6 6. Be3 Nf6 7. Nc3 O-O 8. Be2 d6 9. O-O Bd7 10. f4 a5 11. Ndb5 Qb8 12. g4 Rc8 13. g5 Ne8 14. Nd5 Bxb2 15. Nb6 Bh3 16. Rb1 Bg7 17. Bg4 Bxg4 18. Qxg4 Rd8 19. Nxa8 Qxa8 20. Bb6 Rc8 21. Rf3 Nb4 22. Rh3 Rxc4 23. Qh4 Qc8 24. Qxh7+ Kf8 25. Be3 Rxe4 26. Rc1 Rc4 27. Rd1 Qg4+ 28. Kf2 Qxd1 0-1


[Site "https://www.chess.com"]

[Event "Titled Tuesday Blitz November 22 Late 2022"]
[White "Gerbelli Neto, Eduardo"]
[Black "Milchev, Nikolay"]
[WhiteFideId "2103281"]
[BlackFideId "2906090"]
[WhiteElo "2178"]
[BlackElo "2449"]
[Result "0-1"]
[Round "03"]
[TimeControl "180+1"]
[Date "2022.11.23"]
[WhiteClock "0:00:14"]
[BlackClock "0:01:14"]

1. e4 Nf6 2. Nc3 e5 3. f4 d5 4. fxe5 Nxe4 5. d3 Nxc3 6. bxc3 c5 7. Nf3 Nc6 8. Be2 Be7 9. O-O O-O 10. Qe1 f6 11. Qg3 fxe5 12. Bh6 Bf6 13. Ng5 Kh8 14. Bxg7+ Bxg7 15. Nf7+ Rxf7 16. Rxf7 Qg8 17. Raf1 Be6 18. Rxb7 Rb8 19. Rfb1 Rxb7 20. Rxb7 Bf6 21. Qxg8+ Kxg8 22. Rc7 Ne7 23. Rxc5 e4 24. Rc7 a5 25. c4 dxc4 26. dxc4 Bd4+ 27. Kf1 Nf5 28. c5 Ne3+ 29. Ke1 Nxc2+ 30. Kd2 Nb4 31. a3 e3+ 32. Kc1 Na2+ 33. Kc2 Bf5+ 34. Kb3 Nc1+ 35. Kc4 Nxe2 36. c6 Bb2 37. Rb7 Bxa3 38. c7 Nf4 39. Rb8+ Kf7 40. c8=Q Bxc8 41. Rxc8 e2 0-1


[Site "https://www.chess.com"]

[Event "Titled Tuesday Blitz November 22 Late 2022"]
[White "Ghazarian, Kirk"]
[Black "Rangel, Daniel"]
[WhiteFideId "30908604"]
[BlackFideId "2124475"]
[WhiteElo "2723"]
[BlackElo "2466"]
[Result "1/2-1/2"]
[Round "03"]
[TimeControl "180+1"]
[Date "2022.11.23"]
[WhiteClock "0:00:05"]
[BlackClock "0:00:03"]

1. d4 Nf6 2. Bg5 d5 3. Nd2 c6 4. Ngf3 h6 5. Bxf6 exf6 6. e3 Be7 7. Bd3 O-O 8. O-O Be6 9. c4 Nd7 10. cxd5 Bxd5 11. e4 Be6 12. Bc4 Bxc4 13. Nxc4 Nb6 14. Ne3 Re8 15. Qc2 Bf8 16. Rfe1 Qc7 17. a3 Rad8 18. Rad1 Qf4 19. Nf1 Nc8 20. Qd2 Qxd2 21. Rxd2 Nd6 22. Ng3 g6 23. Kf1 h5 24. h4 Bh6 25. Rdd1 Bf4 26. Nd2 Nb5 27. Nb3 Bxg3 28. fxg3 Nd6 29. Nd2 f5 30. e5 Nb5 31. Nf3 Nc7 32. Kf2 Nd5 33. Rd3 Rd7 34. b4 Nc7 35. a4 Red8 36. Red1 a6 37. Rb3 Ne6 38. Ke3 Nc7 39. Rd2 Kg7 40. Rb1 f6 41. Kf2 Re7 42. Re1 Nd5 43. Rb2 fxe5 44. dxe5 Nc3 45. Ra1 Nd1+ 46. Rxd1 Rxd1 47. b5 cxb5 48. axb5 a5 49. b6 Ra1 50. Ke3 a4 51. Rb5 a3 52. Ra5 a2 53. Kf4 Kf7 54. Kg5 Re6 55. Kh6 Rxb6 56. Ng5+ Ke7 57. Kg7 Rb2 58. Rc5 Re1 59. Rc7+ Ke8 60. Ne6 a1=Q 61. Kf6 Qa3 62. Ng7+ Kd8 63. Ne6+ Ke8 64. Ng7+ Kd8 65. Ne6+ Ke8 1/2-1/2


[Site "https://www.chess.com"]

[Event "Titled Tuesday Blitz November 22 Late 2022"]
[White "Goncalves, Davi Sulzbacher"]
[Black "Abdrlauf, Elham"]
[WhiteFideId "2154510"]
[BlackFideId "1533533"]
[WhiteElo "2512"]
[BlackElo "2809"]
[Result "1-0"]
[Round "03"]
[TimeControl "180+1"]
[Date "2022.11.23"]
[WhiteClock "0:00:23"]
[BlackClock "0:00:01"]

1. Nf3 Nf6 2. g3 d5 3. Bg2 c5 4. O-O Nc6 5. d4 cxd4 6. Nxd4 Bd7 7. Nc3 e5 8. Nb3 Be6 9. Bg5 d4 10. Ne4 Be7 11. Bxf6 Bxf6 12. Nbc5 Bc8 13. e3 Be7 14. exd4 exd4 15. Re1 O-O 16. Nd3 Qb6 17. a4 Be6 18. Qh5 h6 19. a5 Qc7 20. Nec5 Bc4 21. a6 b6 22. Bxc6 Qxc6 23. Rxe7 bxc5 24. Qxc5 Rfc8 25. Qxc6 Rxc6 26. Ne5 Rxa6 27. Rxa6 Bxa6 28. Rxf7 Bb5 29. Rb7 a6 30. f4 Rc8 31. c4 dxc3 32. bxc3 Rxc3 33. Kf2 Rc2+ 34. Kg1 Rc1+ 35. Kg2 Rc2+ 36. Kg1 1-0


[Site "https://www.chess.com"]

[Event "Titled Tuesday Blitz November 22 Late 2022"]
[White "Gorodetzky, David"]
[Black "Taboas Rodriguez, Daniel"]
[WhiteFideId "2813416"]
[BlackFideId "2208466"]
[WhiteElo "2840"]
[BlackElo "2523"]
[Result "1-0"]
[Round "03"]
[TimeControl "180+1"]
[Date "2022.11.23"]
[WhiteClock "0:00:15"]
[BlackClock "0:00:14"]

1. Nf3 Nf6 2. g3 b6 3. Bg2 Bb7 4. O-O g6 5. d3 Bg7 6. e4 O-O 7. Nbd2 c5 8. Re1 Nc6 9. c3 d5 10. e5 Ne8 11. d4 Nc7 12. Nf1 Ne6 13. Be3 cxd4 14. cxd4 Rc8 15. h4 Ba6 16. h5 Nb4 17. hxg6 hxg6 18. Qa4 Rc4 19. b3 b5 20. Qa3 Nc2 21. Qb2 Rc8 22. Bh3 b4 23. N1d2 Bd3 24. Rac1 Nxe1 25. Nxe1 Bb5 26. Ng2 Rxc1+ 27. Qxc1 Qc7 28. Qd1 Qc3 29. Bxe6 fxe6 30. Qg4 Qc1+ 31. Kh2 Kf7 32. Nh4 Qc2 33. Ndf3 Bd7 34. Kg2 Qe4 35. Qxe4 dxe4 36. Ng5+ Kg8 37. Nxg6 Rb8 38. d5 Rb5 39. dxe6 Be8 40. Nxe7+ Kf8 41. Nc8 Bxe5 42. e7+ Kg7 43. Bf4 Bxf4 44. gxf4 Ra5 45. Nd6 Bh5 46. Ngxe4 Rxa2 47. e8=Q Bxe8 48. Nxe8+ Kg6 49. N8d6 Rb2 50. f5+ Kh7 51. f6 Rxb3 52. f7 Kg7 53. Nc5 1-0


[Site "https://www.chess.com"]

[Event "Titled Tuesday Blitz November 22 Late 2022"]
[White "Goroshkov, Maksym"]
[Black "Ibarra Jerez, Jose Carlos"]
[WhiteFideId "14142716"]
[BlackFideId "2226332"]
[WhiteElo "2257"]
[BlackElo "2638"]
[Result "1-0"]
[Round "03"]
[TimeControl "180+1"]
[Date "2022.11.22"]
[WhiteClock "0:00:37"]
[BlackClock "0:00:10"]

1. e4 c5 2. c3 Nf6 3. e5 Nd5 4. Bc4 Nb6 5. Bb3 g6 6. d4 cxd4 7. cxd4 Bg7 8. Nf3 Nc6 9. O-O O-O 10. Bf4 d6 11. h3 dxe5 12. dxe5 Be6 13. Nc3 Na5 14. Bxe6 fxe6 15. Bg3 Qxd1 16. Raxd1 h6 17. Nd4 Kf7 18. Ne4 Rac8 19. b4 Nac4 20. Nc5 Rxc5 21. bxc5 Nd5 22. Rfe1 Rc8 23. Nb3 b5 24. cxb6 axb6 25. Rc1 b5 26. Nd4 b4 27. Nb5 Rc5 28. Re4 Ndb6 29. Nd4 Ra5 30. Nb3 Rxa2 31. Rexc4 Nxc4 32. Rxc4 g5 33. Rxb4 Rb2 34. Rb5 h5 35. h4 g4 36. Nd4 Rd2 37. Nc6 Bh6 38. Rb8 Kg6 39. Nxe7+ Kf7 40. Nc6 Rc2 41. Nd4 Rc1+ 42. Kh2 Bf8 43. Rb7+ Be7 44. Bf4 Ke8 45. Bxc1 1-0


[Site "https://www.chess.com"]

[Event "Titled Tuesday Blitz November 22 Late 2022"]
[White "Goryachkina, Aleksandra"]
[Black "Sreyas Payyappat"]
[WhiteFideId "4147103"]
[BlackFideId "46674969"]
[WhiteElo "2677"]
[BlackElo "2456"]
[Result "1-0"]
[Round "03"]
[TimeControl "180+1"]
[Date "2022.11.23"]
[WhiteClock "0:00:14"]
[BlackClock "0:00:26"]

1. e4 c6 2. d4 d5 3. e5 Bf5 4. Nd2 e6 5. Nb3 c5 6. dxc5 Bxc5 7. Nxc5 Qa5+ 8. c3 Qxc5 9. Be3 Qc7 10. f4 Nc6 11. Nf3 Nge7 12. Be2 O-O 13. O-O f6 14. exf6 gxf6 15. Nd4 Nxd4 16. Bxd4 e5 17. fxe5 fxe5 18. Be3 Rad8 19. Qd2 d4 20. Bh6 dxc3 21. Qg5+ Bg6 22. Bxf8 Qc5+ 23. Kh1 Rxf8 24. Rxf8+ Kxf8 25. Rf1+ Ke8 26. bxc3 Qxc3 27. Bb5+ Nc6 28. Qf6 Qc5 29. Bxc6+ bxc6 30. Rd1 Bd3 31. Qe6+ Kf8 32. Qc8+ Ke7 33. Qc7+ Ke6 34. h3 Qc2 35. Re1 Be4 36. Qc8+ Kd5 37. Qg8+ Kd4 38. Qg4 c5 39. Rd1+ Kc4 40. Re1 Kd4 41. Qg5 c4 42. Qe3+ Kd5 43. Re2 Qd1+ 44. Kh2 c3 45. Qxe4+ Kc5 46. Qxe5+ Kb4 47. Qe6 Qd4 48. Re4 Qxe4 49. Qxe4+ 1-0


[Site "https://www.chess.com"]

[Event "Titled Tuesday Blitz November 22 Late 2022"]
[White "Gutkin, Ilya"]
[Black "Ivic, Velimir"]
[WhiteFideId "16203470"]
[BlackFideId "950122"]
[WhiteElo "2265"]
[BlackElo "2625"]
[Result "0-1"]
[Round "03"]
[TimeControl "180+1"]
[Date "2022.11.22"]
[WhiteClock "0:00:01"]
[BlackClock "0:00:37"]

1. Nf3 d5 2. g3 Nc6 3. d4 Bf5 4. Bg2 Nb4 5. Na3 e6 6. O-O Be7 7. c4 Nf6 8. Qa4+ c6 9. Bd2 a5 10. cxd5 exd5 11. Ne5 O-O 12. Rfc1 Ne4 13. Qd1 Nxd2 14. Qxd2 Bf6 15. f4 Re8 16. Nb1 Qb6 17. e3 Be7 18. a3 Na6 19. Nc3 f6 20. Nd3 Bf8 21. Na4 Qd8 22. Nac5 Nxc5 23. Nxc5 Qe7 24. Re1 Qf7 25. Rac1 Bd6 26. Bf3 h6 27. Kg2 Re7 28. h3 Rae8 29. Kf2 Bxh3 30. Qxa5 Bc8 31. Qd2 h5 32. Rh1 g6 33. Rce1 Bf5 34. b4 Ra8 35. Ra1 Kg7 36. a4 Rae8 37. Ra3 Rh8 38. a5 g5 39. Qd1 h4 40. gxh4 gxf4 41. exf4 Bxf4 42. Bg4 Be4 43. Rg1 Kf8 44. Bf3 Rxh4 45. Bxe4 dxe4 46. Kf1 e3 47. Qf3 e2+ 48. Ke1 Bg5 49. Nd3 Rxd4 50. Nc5 Bh4+ 0-1


[Site "https://www.chess.com"]

[Event "Titled Tuesday Blitz November 22 Late 2022"]
[White "Guzman, Christopher"]
[Black "Suarez Uriel, Adrian"]
[WhiteFideId "6405096"]
[BlackFideId "22230874"]
[WhiteElo "2655"]
[BlackElo "2438"]
[Result "0-1"]
[Round "03"]
[TimeControl "180+1"]
[Date "2022.11.23"]
[WhiteClock "0:00:37"]
[BlackClock "0:00:18"]

1. e4 c5 2. Nf3 d6 3. d4 cxd4 4. Nxd4 Nf6 5. Nc3 a6 6. h4 e5 7. Nb3 Be7 8. Bg5 Be6 9. g3 Nbd7 10. Qd2 Rc8 11. O-O-O O-O 12. Kb1 b5 13. Bg2 h6 14. Bxf6 Nxf6 15. f4 Qc7 16. f5 Bc4 17. g4 Nxg4 18. Bf3 Nf6 19. Rdg1 Kh8 20. Rh2 Rfd8 21. Rhg2 Bf8 22. Qf2 b4 23. Nd1 a5 24. Ne3 a4 25. Nc1 a3 26. b3 Ba6 27. Rg3 Qc3 28. Nd1 Qc5 29. Ne3 Qd4 30. Nd1 Qxf2 31. Nxf2 d5 32. exd5 Nxd5 33. Bxd5 Rxd5 34. h5 Rd4 35. f6 Rf4 36. fxg7+ Bxg7 37. Nh3 Rh4 38. Rxg7 Rxh3 39. Rxf7 Rg8 40. Rxg8+ Kxg8 41. Rf6 Bb7 42. Rxh6 Be4 43. Rb6 Rh2 44. Nd3 Rh1+ 45. Nc1 Rh2 46. Rb8+ Kg7 47. Rc8 Kh6 48. Nd3 Rh1+ 49. Nc1 Kxh5 50. Rh8+ Kg4 51. Rxh1 Bxh1 52. Nd3 e4 53. Nxb4 e3 54. Kc1 Be4 55. Kd1 Kf3 56. Ke1 Kf4 57. Ke2 Bf3+ 58. Ke1 Be4 59. c3 Bb1 60. Ke2 Ke4 61. c4 Kd4 62. Ke1 Kc3 63. Nd5+ Kb2 64. Nxe3 Kxa2 65. Kd2 Kxb3 66. Kc1 a2 67. Nc2 Bxc2 0-1


[Site "https://www.chess.com"]

[Event "Titled Tuesday Blitz November 22 Late 2022"]
[White "Han, Yichen"]
[Black "Ansh M Shah"]
[WhiteFideId "1054430"]
[BlackFideId "25033379"]
[WhiteElo "2645"]
[BlackElo "2423"]
[Result "1-0"]
[Round "03"]
[TimeControl "180+1"]
[Date "2022.11.23"]
[WhiteClock "0:01:06"]
[BlackClock "0:00:40"]

1. d4 Nf6 2. c4 e6 3. Nc3 d5 4. Nf3 Be7 5. Bf4 O-O 6. e3 c6 7. Qc2 Nbd7 8. Rd1 h6 9. Bd3 dxc4 10. Bxc4 b5 11. Be2 Bb7 12. O-O a6 13. a3 Qb6 14. b4 a5 15. Qb2 Nd5 16. Nxd5 cxd5 17. Rc1 axb4 18. axb4 Ra4 19. Rc7 Rd8 20. Qc2 Rxb4 21. Ne5 Nxe5 22. Bxe5 Bd6 23. Bxd6 Rxd6 24. Qc5 Rb2 25. Bd3 Rc6 26. Qe7 Qxc7 27. Qe8# 1-0


[Site "https://www.chess.com"]

[Event "Titled Tuesday Blitz November 22 Late 2022"]
[White "Haydon, David L"]
[Black "Ankerst, Mihael"]
[WhiteFideId "415405"]
[BlackFideId "14602369"]
[WhiteElo "2317"]
[BlackElo "2347"]
[Result "0-1"]
[Round "03"]
[TimeControl "180+1"]
[Date "2022.11.23"]
[WhiteClock "0:01:29"]
[BlackClock "0:00:07"]

1. c4 e5 2. Nc3 Nf6 3. g3 c6 4. Bg2 d5 5. cxd5 cxd5 6. d3 d4 7. Ne4 Nxe4 8. Bxe4 Be7 9. Bd2 O-O 10. h4 Nc6 11. h5 h6 12. Nf3 Be6 13. a3 Qb6 14. b4 f5 15. Bxc6 Qxc6 16. O-O Bf6 17. Rc1 Qe8 18. Rc5 b6 19. Rc7 Qxh5 20. Qa4 e4 21. Qc6 Rae8 22. dxe4 fxe4 23. Qxe4 Bh3 24. Qd3 Bxf1 25. Kxf1 Be5 26. Rxa7 Qh3+ 27. Kg1 Bxg3 28. Qxd4 Re5 29. fxg3 Rxf3 30. exf3 Qxg3+ 31. Kf1 Qxf3+ 32. Qf2 Qh1+ 33. Qg1 Rf5+ 34. Ke2 Qxg1 0-1


[Site "https://www.chess.com"]

[Event "Titled Tuesday Blitz November 22 Late 2022"]
[White "Hirneise, Jens"]
[Black "Granados Diaz, Maria Esther"]
[WhiteFideId "24614734"]
[BlackFideId "6101488"]
[WhiteElo "2344"]
[BlackElo "1872"]
[Result "1-0"]
[Round "03"]
[TimeControl "180+1"]
[Date "2022.11.23"]
[WhiteClock "0:00:40"]
[BlackClock "0:00:07"]

1. Nf3 c5 2. b3 Nc6 3. e4 d6 4. d4 cxd4 5. Nxd4 Bd7 6. Bb2 Nf6 7. Bd3 e6 8. O-O Be7 9. c4 O-O 10. Nxc6 Bxc6 11. Nc3 Rc8 12. Qe2 a6 13. Rfd1 Re8 14. e5 Nd7 15. exd6 Bxd6 16. Bxh7+ Kxh7 17. Rxd6 Qc7 18. Rd4 Nf6 19. Rh4+ Kg8 20. Nd1 e5 21. Ne3 Rcd8 22. Ng4 Ne4 23. f3 Rd2 24. Qe3 Rxb2 25. fxe4 Qe7 26. Qh3 f6 27. Rh8+ Kf7 28. Qh5+ Ke6 29. Qf5+ Kd6 30. Rxe8 Bxe8 31. Ne3 Kc6 32. Qc8+ Kb6 33. Nd5+ Ka7 34. Nxe7 1-0


[Site "https://www.chess.com"]

[Event "Titled Tuesday Blitz November 22 Late 2022"]
[White "Hjartarson, Johann"]
[Black "Arnold, Ken"]
[WhiteFideId "2300044"]
[BlackFideId "2056836"]
[WhiteElo "2458"]
[BlackElo "2359"]
[Result "1-0"]
[Round "03"]
[TimeControl "180+1"]
[Date "2022.11.23"]
[WhiteClock "0:00:44"]
[BlackClock "0:00:11"]

1. e4 c6 2. d4 d5 3. e5 Bf5 4. Nd2 e6 5. Nb3 Nd7 6. Nf3 Ne7 7. a4 h6 8. a5 g5 9. Be2 Bg7 10. O-O O-O 11. Bd2 Bg6 12. Bb4 Re8 13. c3 Nf5 14. Ne1 b6 15. Nd3 c5 16. dxc5 bxc5 17. Nbxc5 Nxe5 18. Qd2 Nc4 19. Qc1 Qc8 20. a6 Nfd6 21. b3 Nb6 22. Ra2 Ne4 23. f4 Nxc5 24. Nxc5 Nd7 25. Nb7 Qc6 26. fxg5 hxg5 27. Qxg5 Bxc3 28. Bxc3 Qxc3 29. Kh1 Qxb3 30. Raa1 Nf8 31. Nd6 Red8 32. Nxf7 Qc3 33. Nxd8 1-0


[Site "https://www.chess.com"]